 Dungeon Crawl Stone Soup version 0.21.1-1-g345015f (webtiles) character file.

78 inc the Conjurer (level 4, -4/27 HPs)
             Began as an Octopode Conjurer on June 12, 2018.
             Hit by a stone thrown by an orc warrior (13 damage)
             ... on level 2 of the Dungeon.
             The game lasted 00:01:36 (1274 turns).

inc the Conjurer (Octopode Conjurer)                Turns: 1274, Time: 00:01:37

Health: -4/27      AC:  1    Str:  7    XL:     4   Next: 36%
Magic:  2/8        EV: 13    Int: 18    God:
Gold:   66         SH:  0    Dex: 12    Spells: 3/9 levels left

rFire    . . .     SeeInvis .   j - +0 hand axe (venom)
rCold    . . .     Gourm    .   (no shield)
rNeg     . . .     Faith    .   (helmet restricted)
rPois    .         Spirit   .   (no amulet)
rElec    .         Reflect  .   (no ring)
rCorr    .         Harm     .   (no ring)
MR       .....                  (no ring)
Stlth    +++.......             (no ring)
HPRegen  0.09/turn              (no ring)
MPRegen  0.11/turn              (no ring)
                                (no ring)
                                (no ring)

@: no status effects
A: almost no armour, stealthy swim, amphibious, 8 rings, constrict 8, camouflage
1, gelatinous body 1
a: no special abilities


You were on level 2 of the Dungeon.
You were not hungry.

You visited 1 branch of the dungeon, and saw 2 of its levels.

You collected 66 gold pieces.

Inventory:

Hand Weapons
 j - a +0 hand axe of venom (weapon)
Scrolls
 c - 2 scrolls of random uselessness {unknown}
 f - a scroll of identify {unknown}
 g - a scroll of teleportation {unknown}
 h - 2 scrolls of enchant armour {unknown}
 i - a scroll of amnesia {unknown}
Potions
 d - 2 potions of curing {unknown}
 e - 2 potions of mutation {unknown}
 k - 2 potions of flight {unknown}
Books
 a - a book of Conjurations

   Spells                             Type                      Level
   a - Magic Dart                     Conjuration                  1
   b - Searing Ray                    Conjuration                  2
   c - Dazzling Spray                 Conjuration/Hexes            3
   d - Fulminant Prism                Conjuration/Hexes            4
   e - Force Lance                    Conjuration/Translocation    4
   f - Iskenderun's Mystic Blast      Conjuration                  4
Comestibles
 b - 4 rations


   Skills:
 - Level 2.0 Dodging
 - Level 2.6 Stealth
 + Level 3.2 Spellcasting
 + Level 4.9 Conjurations


You had 3 spell levels left.
You knew the following spells:

 Your Spells              Type           Power        Failure   Level  Hunger
a - Magic Dart            Conj           ###.         1%          1    None
b - Searing Ray           Conj           ###...       3%          2    ##.....
c - Dazzling Spray        Conj/Hex       ##....       17%         3    ###....


Dungeon Overview and Level Annotations

Branches:
Dungeon (2/15)

Altars:


Innate Abilities, Weirdness & Mutations

You cannot wear most types of armour.
You are very stealthy in the water. (Stealth+)
You are amphibious.
You can wear up to eight rings at the same time.
You can use your tentacles to constrict eight enemies at once.
Your skin changes colour to match your surroundings (Stealth+).
Your rubbery body absorbs attacks. (AC +1, EV +1)


Message History

Your squeeze misses the orc.
The orc is heavily wounded.
The orc completely misses you.
You barely miss the orc warrior. Your grab misses the orc warrior.
The orc warrior closely misses you.
You hit the orc warrior but do no damage.
The orc warrior is poisoned.
Your grab misses the orc warrior.
The orc warrior hits you with a long sword!!
Ouch! That really hurt!
You barely miss the orc warrior. Your grab misses the orc warrior.
Your squeeze misses the orc warrior. The orc warrior closely misses you.
Unknown command.
The orc warrior throws a stone.
The stone barely misses you.
You feel a bit more experienced.
The orc warrior throws a stone.
The stone hits you.
You see here a stone.
The orc warrior throws a stone.
The stone misses you.
The orc warrior throws a stone.
The stone completely misses you.
The orc warrior throws a stone.
The stone hits you!
You die...

.........†..÷#. ...
...†........... ...
..[............ #.#
##.#o###....... #.#
#.# #.###.#.
#.#######o###...÷.#.
#...........#..##.#.
##.
#.....(.(...#..#####
....
+<(@.#####..†....o.o
#..
#.(..#K)!#..########
...+..###.(..#$($#..#
# ..#
#.......#?!(#..# #
...#.......#####..# #
#+#.##..............#
.
#....#..............#
.
#....#.......#######
. #............#


You could see an orc warrior and a kobold.

Vanquished Creatures
  An orc priest (D:2)
  2 adders (D:2)
  A worm (D:2)
  A dart slug (D:1)
  A leopard gecko (D:1)
  2 orcs
  4 goblins (D:1)
  3 hobgoblins
  2 bats
  3 frilled lizards (D:1)
  2 kobolds (D:1)
  5 rats
27 creatures vanquished.

Notes
Turn   | Place    | Note
-------+----------+-------------------------------------------
     0 | D:1      | inc the Octopode Conjurer began the quest for the Orb.
     0 | D:1      | Reached XP level 1. HP: 11/11 MP: 3/3
   345 | D:1      | Reached XP level 2. HP: 6/17 MP: 0/5
   838 | D:2      | Reached XP level 3. HP: 18/21 MP: 0/7
  1090 | D:2      | Noticed an orc warrior
  1101 | D:2      | Reached XP level 4. HP: 27/27 MP: 0/8
  1201 | D:2      | Learned a level 2 spell: Searing Ray
  1205 | D:2      | Learned a level 3 spell: Dazzling Spray
  1274 | D:2      | Hit by a stone thrown by an orc warrior

Skill      XL: |  1  2  3 |
---------------+----------+-----
Spellcasting   | 3 |  3.2
Dodging        | |  2.0
Stealth        | |  2.6
Conjurations   | |  4.9

Action                   |  1- 3 |  4- 6 || total
-------------------------+-------+-------++-------
Melee: Unarmed           |    10 |     3 ||    13
       Constrict         |     2 |     1 ||     3
       Hand axe          |       |     4 ||     4
       Tentacles         |       |     1 ||     1
 Cast: Magic Dart        |    42 |    10 ||    52
  Eat: Chunk             |     1 |       ||     1
Dodge: Dodged            |     5 |     8 ||    13
